 Dungeon Crawl Stone Soup version 0.27.1-1-g398f81649c (webtiles) character file.

Game seed: 12863813476616775320

694 funkygono the Firebug (level 7, 0/36 HPs)
             Began as a Gargoyle Fire Elementalist on Sept 14, 2021.
             Slain by Sigmund (12 damage)
             ... on level 5 of the Dungeon.
             The game lasted 00:09:44 (5498 turns).

funkygono the Firebug (Gargoyle Fire Elementalist)  Turns: 5498, Time: 00:09:45

Health: 0/36       AC:  6    Str: 11    XL:     7   Next: 64%
Magic:  2/13       EV: 13    Int: 18    God:
Gold:   121        SH:  0    Dex: 22    Spells: 2/15 levels left

rFire    . . .     SeeInvis .   i - +0 whip
rCold    . . .     Faith    .   (no shield)
rNeg     + . .     Spirit   .   a - +0 robe
rPois    ∞         Reflect  .   (no helmet)
rElec    +         Harm     .   (no cloak)
rCorr    .         Rampage  .   (no gloves)
Will     .....                  (no boots)
Stlth    ++........             (no amulet)
HPRegen  0.12/turn              h - +6 ring of dexterity
MPRegen  0.13/turn              k - +6 ring of dexterity

@: no status effects
A: sickness immunity, AC +4, negative energy resistance 1, electricity
resistance, torment resistance 1, petrification resistance
a: no special abilities


You were on level 5 of the Dungeon.
You visited 1 branch of the dungeon, and saw 5 of its levels.

You collected 121 gold pieces.

Inventory:

Hand Weapons
 b - a +0 flail
 i - a +0 whip (weapon)
 l - the +2 spear "Etotweam" {protect, +Blink rPois rC+++ Dex-2}
   (You found it on level 4 of the Dungeon)

   It grants its wielder temporary protection when it strikes (+7 to AC).
   Dex:       It affects your dexterity (-2).
   rC:        It renders you almost immune to cold.
   rPois:     It protects you from poison.
   +Blink:    It lets you blink.
Missiles
 m - 60 stones
Armour
 a - a +0 robe (worn)
Jewellery
 h - a +6 ring of dexterity (left hand)
 k - a +6 ring of dexterity (right hand)
Potions
 c - a potion of degeneration {unknown}
 d - 3 potions of heal wounds
 e - 3 potions of curing
 f - a potion of cancellation
 g - a potion of might
 j - a potion of haste
 n - a potion of resistance {unknown}


   Skills:
 + Level 0.1 Fighting
 + Level 0.4 Maces & Flails
 + Level 2.0 Dodging
 - Level 2.1 Stealth
 * Level 4.5 Spellcasting
 * Level 4.5 Conjurations
 * Level 5.7 Fire Magic


You had 2 spell levels left.
You knew the following spells:

 Your Spells              Type           Power      Damage    Failure   Level
a - Foxfire               Conj/Fire      88%        2x1d8     1%          1
b - Conjure Flame         Conj/Fire      22%        6-21      4%          3
c - Sticky Flame          Conj/Fire      22%        2d4       17%         4
d - Fireball              Conj/Fire      11%        3d7       43%         5

Your spell library contained the following spells:

 Spells                   Type           Power      Damage    Failure   Level
 Corona                   Hex            4%         N/A       14%         1
 Ensorcelled Hibernation  Hex/Ice        8%         N/A       22%         2
 Inner Flame              Hex/Fire       14%        N/A       13%         3
 Summon Guardian Golem    Hex/Summ       4%         N/A       38%         3
 Tukima's Dance           Hex            4%         N/A       38%         3
 Irradiate                Conj/Tmut      6%         3d15      83%         5
 Eringya's Noxious Bog    Tmut/Pois      2%         N/A       100%        6
 Dragon Form              Tmut           2%         N/A       100%        7
 Orb of Destruction       Conj           10%        9d5       100%        7
 Spellforged Servitor     Conj/Summ      6%         N/A       100%        7


Dungeon Overview and Level Annotations

Branches:
Dungeon (5/15)
 Temple: D:4-7

Altars:
Dithmenos
Ru
Sif Muna
Xom

Annotations:
D:4 2 runed translucent doors, groll's ghost, amateur MiBe
D:5 Sigmund


Innate Abilities, Weirdness & Mutations

You are immune to sickness and miasma.
Your stone body is resilient. (AC +4)
You are immune to poison.
You resist negative energy. (rN+)
You are resistant to electric shocks. (rElec)
You are resistant to unholy torment.
You are immune to petrification.


Message History

Confirm with . or Enter, or press ? or * to list all spells.
You conjure some foxfire!
Unknown command.
Casting: Foxfire (safe; 1% risk of failure)
Confirm with . or Enter, or press ? or * to list all spells.
You conjure some foxfire!
The foxfire hits something. x3
The foxfire hits something but does no damage.
You hear some strange, mumbled words.
Something tries to affect you, but you resist.
Unknown command.
The foxfire hits something. x2
Casting: Foxfire (safe; 1% risk of failure)
Confirm with . or Enter, or press ? or * to list all spells.
You conjure some foxfire!
Something hits you.
Unknown command.
The foxfire hits something but does no damage.
The foxfire hits something.
Something hits you.
You hear some strange, mumbled words.
Something tries to affect you, but you resist.
Casting: Foxfire (safe; 1% risk of failure)
Confirm with . or Enter, or press ? or * to list all spells.
You conjure some foxfire!
Something hits you.
Casting: Foxfire (safe; 1% risk of failure)
Confirm with . or Enter, or press ? or * to list all spells.
You conjure some foxfire!
The foxfire hits something. x2; Something hits you.
Casting: Foxfire (safe; 1% risk of failure)
Confirm with . or Enter, or press ? or * to list all spells.
You conjure some foxfire!
The foxfire hits something. x2
Something completely misses you.
Unknown command.
Casting: Foxfire (safe; 1% risk of failure)
Confirm with . or Enter, or press ? or * to list all spells.
You conjure some foxfire!
The foxfire hits something.
The foxfire hits something but does no damage.
Something hits you!
Unknown command.
Casting: Foxfire (safe; 1% risk of failure)
Confirm with . or Enter, or press ? or * to list all spells.
You conjure some foxfire!
The foxfire hits something. x2; Something hits you!
You die...

#..... ............†.#.
#..... ..............#.
#..... ..............#.
#..... ...##...#######.
#.....#######...#.......
#...........#...'.......
#......'...#......#
#.v....#...#......#
#§@§...#...#......#
+§v§...#...#......#
#......##+##......#
######.........(..#
#.......[....+ #........
#........ #........
#########


There were no monsters in sight!

Vanquished Creatures
  An ice beast (D:4)
  A black bear (D:5)
  A scorpion (D:4)
  A water moccasin skeleton (D:5)
  2 hounds
  An orc priest (D:4)
  2 iguanas
  An orc wizard (D:4)
  3 gnolls
  8 adders
  2 ufetubi (D:5)
  2 worms
  6 dart slugs (D:1)
  5 orcs (D:4)
  10 ball pythons
  9 bats
  9 endoplasms
  2 giant cockroaches (D:3)
  6 hobgoblins
  3 jackals (D:4)
  9 kobolds
  4 quokkas
  5 frilled lizards
  3 goblins
  6 rats
102 creatures vanquished.

Vanquished Creatures (others)
  422 foxfires
422 creatures vanquished.

Grand Total: 524 creatures vanquished

Notes
Turn   | Place    | Note
-------+----------+-------------------------------------------
     0 | D:1      | funkygono the Gargoyle Fire Elementalist began the quest
                  | for the Orb.
     0 | D:1      | Reached XP level 1. HP: 10/10 MP: 3/3
   394 | D:1      | Reached XP level 2. HP: 15/15 MP: 1/5
   820 | D:1      | Reached XP level 3. HP: 19/19 MP: 3/6
   865 | D:1      | Learned a level 3 spell: Conjure Flame
  1275 | D:1      | Found a faded altar of an unknown god.
  1634 | D:2      | Reached skill level 4 in Fire Magic
  1783 | D:2      | Got Sif Muna's Incunabulum of Transformation
  1808 | D:2      | Reached XP level 4. HP: 24/24 MP: 5/7
  2740 | D:2      | Learned a level 4 spell: Sticky Flame
  3034 | D:3      | Reached XP level 5. HP: 28/28 MP: 0/9
  3283 | D:3      | Found a shadowy altar of Dithmenos.
  3456 | D:3      | Found a shimmering altar of Xom.
  3605 | D:3      | Found a sacrificial altar of Ru.
  3882 | D:4      | Noticed an ice beast
  3894 | D:4      | Killed an ice beast
  3895 | D:4      | Reached XP level 6. HP: 32/32 MP: 1/11
  4000 | D:4      | Reached skill level 5 in Fire Magic
  4358 | D:4      | Found a large runed translucent door.
  4358 | D:4      | Found a large runed translucent door.
  4455 | D:4      | Identified the +2 spear "Etotweam" {protect, +Blink rPois
                  | rC+++ Dex-2}
  4665 | D:4      | Found a shimmering blue altar of Sif Muna.
  4666 | D:4      | Noticed groll's ghost (amateur MiBe)
  4763 | D:4      | Reached XP level 7. HP: 36/36 MP: 7/13
  5115 | D:4      | Learned a level 5 spell: Fireball
  5131 | D:5      | Entered Level 5 of the Dungeon
  5482 | D:5      | Noticed Sigmund
  5498 | D:5      | Slain by Sigmund

Illustrated notes

Levels and vault maps discovered:
D:1:      eino_arrival_water_star, layout_loops_ring, basic_ecumenical_altar
D:2:      layout_basic
D:3:      layout_rooms, general_overflow_altar,
          nicolae_ru_great_annihilating_truth, old_standard_altar,
          hangedman_decor_points, grunt_ministairs_14, roderic_malta_cross
D:4:      layout_cave_pools, mainiacjoe_overflow_tiny_flanked,
          ebering_ghost_disaster_area, chequers_serial_rivers_large_a,
          kennysheep_cross_bottleneck
D:5:      layout_gridville, uniq_sigmund

Skill      XL: |  1  2  3  4  5  6  7 |
---------------+----------------------+-----
Fire Magic     | 4 5 |  5.7
Conjurations   | 2 3 4 |  4.5
Spellcasting   | 3 4 |  4.5
Dodging        | 2 |  2.0
Fighting       | |  0.1
Maces & Flails | |  0.4
Stealth        | |  2.1

Action                   |  1- 3 |  4- 6 |  7- 9 || total
-------------------------+-------+-------+-------++-------
Melee: Unarmed           |     3 |       |       ||     3
       Club              |       |     7 |       ||     7
       Whip              |       |     7 |     2 ||     9
 Cast: Foxfire           |    64 |   130 |    46 ||   240
  Use: Scroll            |       |     4 |     3 ||     7
Armor: Robe              |     3 |    17 |       ||    20
Dodge: Dodged            |    11 |    25 |     1 ||    37
